 Dungeon Crawl Stone Soup version 0.19.5 (webtiles) character file.

3 Gargoyl the Skirmisher (level 1, -14/19 HPs)
             Began as a Ghoul Abyssal Knight on Mar 18, 2017.
             Was a Follower of Lugonu.
             Demolished by a small abomination (17 damage)
             ... on level 2 of the Abyss.
             The game lasted 00:00:26 (44 turns).

Gargoyl the Skirmisher (Ghoul Abyssal Knight)         Turns: 44, Time: 00:00:27

Health: -14/19     AC:  4    Str: 15    XL:     1   Next: 50%
Magic:  1/1        EV: 11    Int:  7    God:    Lugonu [*.....]
Gold:   72         SH:  0    Dex:  8    Spells: 0 memorised, 0 levels left

rFire  . . .     SeeInvis .     a - +1 hand axe
rCold  + . .     Gourm    .     b - +1 leather armour
rNeg   + + +     Faith    .     (no shield)
rPois  ∞         Spirit   .     (no helmet)
rElec  .         Reflect  .     (no cloak)
rCorr  .         Harm     .     (no gloves)
MR     .....                    (no boots)
Stlth  +.........               (no amulet)
                                (no ring)
                                (no ring)

@: rotting
A: rotting body, claws 1, carnivore 3, cold resistance 1, negative energy
resistance 3, slow regeneration 1, torment resistance, unbreathing
a: Depart the Abyss, Renounce Religion


You were on level 2 of the Abyss.
You worshipped Lugonu.
Lugonu was aware of your devotion.
You were not hungry.

You visited 0 branches of the dungeon, and saw 0 of its levels.
You visited the Abyss 1 time.

You collected 72 gold pieces.

Inventory:

Hand Weapons
 a - a +1 hand axe (weapon)
Armour
 b - a +1 leather armour (worn)
Comestibles
 c - 2 meat rations


   Skills:
 + Level 3.4 Fighting
 + Level 1.8 Axes
 + Level 1.9 Armour
 + Level 0.8 Dodging
 + Level 2.0 Invocations


You couldn't memorise any spells.
You didn't know any spells.

Dungeon Overview and Level Annotations

Branches:
Dungeon (0/15)

Altars:


Innate Abilities, Weirdness & Mutations

Your body is rotting away.
You thrive on raw meat.
You are immune to poison.
You have sharp fingernails.
You are carnivorous and can eat meat at any time.
Your flesh is cold resistant. (rC+)
You are immune to negative energy. (rN+++)
You regenerate slowly when monsters are visible.
You are immune to unholy pain and torment.
You can survive without breathing.


Message History

The river rat changes into a dart slug!
The leopard gecko changes into an adder!
The small abomination closely misses you.
The small abomination barely misses you.
The small abomination hits you but does no damage.
The scorpion is engulfed in noxious fumes.
The scorpion appears confused.
The scorpion stings the small abomination.
You closely miss the howler monkey. You hit the small abomination.
You hit the small abomination but do no damage. x2
You hit the small abomination.
The ball python changes into a dart slug!
The howler monkey changes into a killer bee!
The small abomination hits you!
Ouch! That really hurt!
The small abomination hits you.
* * * LOW HITPOINT WARNING * * *
The small abomination hits you!
Ouch! That really hurt!
You die...

######
#y@xh#
#.wxxx..#
#.#4s...#
# 44#####
#.w u#


xgr u# ..S. # ..#.. You could see a white very ugly thing, a cyan ugly thing, 3
chaos spawn, 5 small abominations, a scorpion shaped shifter (confused), a
killer bee shaped shifter, a gnoll shaped shifter, an adder shaped shifter, 2
dart slug shaped shifters, a quokka shaped shifter and a jackal shaped shifter.

Vanquished Creatures
  A ball python (shapeshifter) (Abyss:2)
  A kobold (shapeshifter) (Abyss:2)
  2 rats (shapeshifter) (Abyss:2)
4 creatures vanquished.

Notes
Turn   | Place    | Note
-------+----------+-------------------------------------------
     0 | Abyss:1  | Gargoyl the Ghoul Abyssal Knight began the quest for the Orb.
     0 | Abyss:1  | Reached XP level 1. HP: 19/19 MP: 1/1
     4 | Abyss:1  | Found a corrupted altar of Lugonu.
    38 | Abyss:2  | Noticed a small abomination
    38 | Abyss:2  | Noticed a small abomination
    40 | Abyss:2  | Noticed a chaos spawn
    40 | Abyss:2  | Noticed a small abomination
    40 | Abyss:2  | Noticed a purple very ugly thing
    40 | Abyss:2  | Noticed a chaos spawn
    40 | Abyss:2  | Noticed a swamp drake
    40 | Abyss:2  | a hobgoblin changed into a swamp drake
    41 | Abyss:2  | Noticed a white very ugly thing
    41 | Abyss:2  | Noticed a chaos spawn
    42 | Abyss:2  | Noticed a red very ugly thing
    42 | Abyss:2  | Noticed a hell rat
    42 | Abyss:2  | a leopard gecko changed into a hell rat
    42 | Abyss:2  | Noticed a scorpion
    42 | Abyss:2  | a swamp drake changed into a scorpion
    43 | Abyss:2  | Noticed a cyan ugly thing
    43 | Abyss:2  | Noticed a small abomination
    43 | Abyss:2  | Noticed a howler monkey
    43 | Abyss:2  | a hell rat changed into a howler monkey
    44 | Abyss:2  | Noticed a killer bee
    44 | Abyss:2  | a howler monkey changed into a killer bee
    44 | Abyss:2  | Demolished by a small abomination

Action                   || total
-------------------------++-------
Melee: Hand axe          ||     6
  Use: Scroll            ||     2
Armor: Leather armour    ||     1
Dodge: Dodged            ||    10
